 Dungeon Crawl Stone Soup version 0.29.0-4-gdea44cf6ec (webtiles) character file.

Game seed: 14540126741855566791

2081 qw the Cleaver (level 9, -3/54 HPs)
             Began as a Tengu Warper on Aug 28, 2022.
             Slain by Duvessa
             ... wielding a +0 rapier
              (8 damage)
             ... on level 6 of the Dungeon.
             The game lasted 00:00:38 (5425 turns).

qw the Cleaver (Tengu Warper)                       Turns: 5425, Time: 00:00:39

Health: -3/54      AC: 11    Str: 18    XL:     9   Next: 27%
Magic:  13/13      EV: 13    Int: 13    God:
Gold:   213        SH:  0    Dex: 15    Spells: 12/12 levels left

rFire   + + .      SeeInvis .   Y - +0 war axe
rCold   . . .      Faith    .   (no shield)
rNeg    . . .      Spirit   .   b - +4 scale mail of Bellicose Salvation {rF+ Str+3}
rPois   .          Reflect  .   (helmet restricted)
rElec   .          Harm     .   (no cloak)
rCorr   .          Rampage  .   q - +0 pair of gloves
Will    .....                   (boots unavailable)
Stlth   ..........              (no amulet)
HPRegen 0.18/turn               o - ring of protection from fire
MPRegen 0.13/turn               (no ring)

@: flying quickly and evasively, quick
A: beak, talons 3, nimble flight
a: no special abilities


You were on level 6 of the Dungeon.
You visited 1 branch of the dungeon, and saw 6 of its levels.

You collected 213 gold pieces.


Innate Abilities, Weirdness & Mutations

You have a beak for a mouth.
You have claws for feet.
Your magical nature lets you fly swiftly and evasively.


   Skills:
 - Level 5.6 Fighting
 + Level 10.7 Axes
 - Level 2.0 Throwing
 - Level 2.6 Armour
 - Level 4.3 Dodging
 - Level 2.0 Spellcasting
 - Level 2.4 Translocations


You had 12 spell levels left.
You didn't know any spells.
Your spell library contained the following spells:

 Spells                   Type           Power      Damage    Failure   Level
 Blink                    Tloc           14%        N/A       43%         2
 Gell's Gravitas          Tloc           7%         N/A       67%         3
 Lesser Beckoning         Tloc           7%         N/A       67%         3
 Teleport Other           Tloc           7%         N/A       67%         3
 Manifold Assault         Tloc           7%         N/A       100%        5

Inventory:

Hand Weapons
 c - a +4 flail
 Y - a +0 war axe (weapon)
Armour
 b - the +4 scale mail of Bellicose Salvation (worn) {rF+ Str+3}
   (You acquired it on level 1 of the Dungeon)

   Str:       It affects your strength (+3).
   rF:        It protects you from fire.
 q - a +0 pair of gloves (worn)
Jewellery
 o - a ring of protection from fire (left hand)
Scrolls
 a - a scroll of identify
Potions
 d - 3 potions of mutation
 h - a potion of cancellation
 i - a potion of haste
 m - a potion of might {unknown}
 n - a potion of curing

Dungeon Overview and Level Annotations

Branches:
Dungeon (6/15)
 Temple: D:4-7

Altars:
Ashenzari
Ru
Wu Jian
Zin

Annotations:
D:6 Duvessa


Message History

Duvessa goes berserk!
You slash Duvessa! You claw Duvessa, but do no damage.
Your peck misses Duvessa.
Duvessa is lightly wounded.
Duvessa barely misses you.
You hit Duvessa. You claw Duvessa. You peck Duvessa, but do no damage.
Duvessa is moderately wounded.
Duvessa completely misses you.
You slash Duvessa! You claw Duvessa, but do no damage.
Your peck misses Duvessa.
Duvessa is heavily wounded.
Duvessa barely misses you. Duvessa hits you but does no damage.
You hit Duvessa but do no damage. You claw Duvessa, but do no damage.
Your peck misses Duvessa.
Duvessa is heavily wounded.
Duvessa hits you with a +0 rapier.
You hit Duvessa.
Duvessa is heavily wounded.
Duvessa hits you with a +0 rapier. x2
You hit Duvessa. You claw Duvessa. Your peck misses Duvessa.
Duvessa is severely wounded.
Duvessa hits you with a +0 rapier.
You hit Duvessa but do no damage.
Duvessa is severely wounded.
Duvessa hits you with a +0 rapier. Duvessa barely misses you.
You hit Duvessa but do no damage. You peck Duvessa, but do no damage.
Duvessa is severely wounded.
Duvessa hits you with a +0 rapier!!
You slash Duvessa! You claw Duvessa, but do no damage.
Your peck misses Duvessa.
Duvessa is severely wounded.
Duvessa barely misses you. Duvessa closely misses you.
You closely miss Duvessa. You claw Duvessa, but do no damage.
You peck Duvessa, but do no damage.
Duvessa is severely wounded.
Duvessa hits you with a +0 rapier.
You hit Duvessa but do no damage. Your kick misses Duvessa.
Duvessa is severely wounded.
Duvessa hits you with a +0 rapier!
You barely miss Duvessa. You peck Duvessa, but do no damage.
Duvessa is severely wounded.
Duvessa hits you with a +0 rapier!
You die...

............ ...........
###........##
##...........# ##
##............# ..?####
#..#...[......#
.......###.##..........#
........%..##..........#
........<..@e..(.......#
........#######.....e#..
......... ######## #
.......#. ....... ##
<...... ....... #####


You could see Duvessa (berserk).

Vanquished Creatures
  Grinder (D:3)
  5 yaks (D:5)
  An ice beast (D:5)
  A centaur (D:6)
  A phantom (D:4)
  2 scorpions
  Dowan (D:6)
  A water moccasin skeleton (D:4)
  A howler monkey (D:5)
  2 jellies
  2 hounds
  A gnoll bouda (D:4)
  2 scorpion zombies (D:4)
  Natasha (thrice) (D:3)
  2 iguanas
  3 orc wizards
  A hound zombie (D:4)
  A hound skeleton (D:4)
  A howler monkey zombie (D:4)
  4 gnolls
  A howler monkey skeleton (D:4)
  8 adders
  2 ufetubi (D:5)
  An adder skeleton (D:4)
  An adder zombie (D:4)
  A worm (D:2)
  4 dart slugs
  17 orcs
  3 ball pythons
  3 bats
  4 endoplasms
  3 giant cockroaches
  6 goblins
  4 hobgoblins
  4 jackals (D:2)
  2 quokkas
  4 frilled lizards
  4 kobolds
  2 rats (D:1)
110 creatures vanquished.

Vanquished Creatures (others)
  2 withered plants (D:4)
2 creatures vanquished.

Grand Total: 112 creatures vanquished

Notes
Turn   | Place    | Note
-------+----------+-------------------------------------------
     0 | D:1      | qw the Tengu Warper began the quest for the Orb.
     0 | D:1      | Reached XP level 1. HP: 12/12 MP: 4/4
     0 | D:1      | 0 ||| qw: Version: 0.1-a-89-g26bdef1
     0 | D:1      | 0 ||| qw: Game counter: 2194
     0 | D:1      | 0 ||| qw: Always use a shield: true
     0 | D:1      | 0 ||| qw: God list: Okawaru
     0 | D:1      | 0 ||| qw: Allow faded altars: false
     0 | D:1      | 0 ||| qw: Do Orc after D:15 true
     0 | D:1      | 0 ||| qw: Do second Lair branch before Depths: true
     0 | D:1      | 0 ||| qw: Lair rune preference: random
     0 | D:1      | 0 ||| qw: Plans: Normal
     0 | D:1      | 0 ||| PLANNING D:1-11
   242 | D:1      | Reached XP level 2. HP: 17/17 MP: 6/6
   261 | D:1      | Reached skill level 3 in Axes
   265 | D:1      | Found a faded altar of an unknown god.
   383 | D:1      | 383 ||| Stepping ~*~*~tactically~*~*~ (stealth).
   788 | D:1      | 788 ||| UPGRADING to +0 chain mail.
   798 | D:1      | 798 ||| DROPPING +0 leather armour.
   799 | D:1      | 799 ||| READING 2 scrolls labelled XIYMUL ZIEREYTOPP.
   800 | D:1      | 800 ||| READING 3 scrolls labelled SOAWIL VIUBB.
   801 | D:1      | 801 ||| READING scroll labelled YREDANTIUM.
   801 | D:1      | Identified a scroll of acquirement
   801 | D:1      | 801 ||| ACQUIRING +4 scale mail of Bellicose Salvation {rF+
                  | Str+3}
   801 | D:1      | Acquired the +4 scale mail of Bellicose Salvation {rF+
                  | Str+3}
   803 | D:1      | 803 ||| UPGRADING to +4 scale mail of Bellicose Salvation
                  | {rF+ Str+3}.
   813 | D:1      | 813 ||| DROPPING +0 chain mail.
   814 | D:1      | 814 ||| READING scroll labelled OSHIYS QUHAO.
   953 | D:1      | 953 ||| DROPPING scroll of blinking.
   954 | D:1      | 954 ||| DROPPING 2 scrolls of noise.
  1014 | D:2      | Reached skill level 4 in Axes
  1014 | D:2      | Reached XP level 3. HP: 21/21 MP: 7/7
  1529 | D:2      | 1529 ||| READING scroll labelled YSISHU DEOXIRO.
  1530 | D:2      | 1530 ||| DRINKING 2 smoky dark potions.
  1576 | D:2      | 1576 ||| READING 2 scrolls of identify.
  1576 | D:2      | 1576 ||| IDENTIFYING coppery potion
  1577 | D:2      | 1577 ||| DROPPING potion of lignification.
  1578 | D:2      | 1578 ||| DROPPING potion of flight.
  1609 | D:3      | Found a glowing silver altar of Zin.
  1609 | D:3      | Found a sacrificial altar of Ru.
  1656 | D:3      | Reached XP level 4. HP: 26/26 MP: 8/8
  1690 | D:3      | Noticed Natasha
  1692 | D:3      | 1692 ||| Stepping ~*~*~tactically~*~*~ (hiding).
  1694 | D:3      | Found a broken altar of Ashenzari.
  1701 | D:3      | Killed Natasha
  1702 | D:3      | Reached skill level 5 in Axes
  1705 | D:3      | Noticed Natasha
  1706 | D:3      | 1706 ||| Stepping ~*~*~tactically~*~*~ (hiding).
  1711 | D:3      | Killed Natasha
  1754 | D:3      | Gained mutation: Your magical nature lets you fly swiftly
                  | and evasively. [Tengu growth]
  1754 | D:3      | Reached XP level 5. HP: 24/30 MP: 9/9
  1928 | D:3      | Noticed Natasha
  1936 | D:3      | Killed Natasha
  2279 | D:3      | 2279 ||| DROPPING +0 flail.
  2441 | D:3      | Noticed Grinder
  2442 | D:3      | 2442 ||| Stepping ~*~*~tactically~*~*~ (hiding).
  2443 | D:3      | 2443 ||| Stepping ~*~*~tactically~*~*~ (hiding).
  2454 | D:3      | 2454 ||| Stepping ~*~*~tactically~*~*~ (hiding).
  2455 | D:3      | 2455 ||| Stepping ~*~*~tactically~*~*~ (hiding).
  2456 | D:3      | 2456 ||| Stepping ~*~*~tactically~*~*~ (hiding).
  2462 | D:3      | Paralysed by Grinder for 2 turns
  2467 | D:3      | 2467 ||| Stepping ~*~*~tactically~*~*~ (hiding).
  2468 | D:3      | 2468 ||| Stepping ~*~*~tactically~*~*~ (hiding).
  2479 | D:3      | Killed Grinder
  2480 | D:3      | Reached skill level 7 in Axes
  2480 | D:3      | Reached XP level 6. HP: 21/35 MP: 10/10
  2712 | D:3      | Found an ornate altar of the Wu Jian Council.
  2810 | D:3      | 2810 ||| READING scroll labelled FEUSYDGHUERCH.
  2811 | D:3      | 2811 ||| READING scroll labelled CIPPOLI TIOSH.
  2816 | D:3      | 2816 ||| READING scroll labelled ELOVYMPYSAA.
  2817 | D:3      | 2817 ||| READING 2 scrolls of identify.
  2817 | D:3      | 2817 ||| IDENTIFYING fizzy blue potion
  2821 | D:4      | 2821 ||| STAIRDANCE
  2826 | D:4      | 2826 ||| STAIRDANCE
  2835 | D:4      | 2835 ||| STAIRDANCE
  2959 | D:4      | Reached skill level 3 in Fighting
  2959 | D:4      | Reached XP level 7. HP: 27/41 MP: 11/11
  3063 | D:4      | 3063 ||| DROPPING +1 vorpal flail.
  3112 | D:4      | 3112 ||| Stepping ~*~*~tactically~*~*~ (stealth).
  3117 | D:4      | 3117 ||| Stepping ~*~*~tactically~*~*~ (stealth).
  3133 | D:4      | 3133 ||| Stepping ~*~*~tactically~*~*~ (stealth).
  3256 | D:4      | 3256 ||| Stepping ~*~*~tactically~*~*~ (stealth).
  3296 | D:4      | Reached skill level 8 in Axes
  3366 | D:4      | 3366 ||| Stepping ~*~*~tactically~*~*~ (hiding).
  3545 | D:4      | 3545 ||| Stepping ~*~*~tactically~*~*~ (stealth).
  3547 | D:4      | 3547 ||| Stepping ~*~*~tactically~*~*~ (stealth).
  3581 | D:4      | 3581 ||| Stepping ~*~*~tactically~*~*~ (stealth).
  3676 | D:4      | 3676 ||| SWAPPING to +0 war axe.
  3678 | D:4      | 3678 ||| DROPPING +0 hand axe of protection.
  4083 | D:4      | 4083 ||| UPGRADING to ring of protection from fire.
  4084 | D:4      | 4084 ||| READING scroll labelled LUASIQ TOTHRUT.
  4085 | D:4      | 4085 ||| READING scroll labelled EMOVIA ITSOTEF.
  4086 | D:4      | 4086 ||| DRINKING 2 golden potions.
  4087 | D:4      | 4087 ||| DRINKING 2 inky potions.
  4088 | D:4      | 4088 ||| READING 3 scrolls of identify.
  4088 | D:4      | 4088 ||| IDENTIFYING fuming cyan potion
  4089 | D:4      | 4089 ||| READING 2 scrolls of identify.
  4089 | D:4      | 4089 ||| IDENTIFYING viscous puce potion
  4090 | D:4      | 4090 ||| DROPPING potion of attraction.
  4174 | D:5      | Entered Level 5 of the Dungeon
  4221 | D:5      | Reached skill level 9 in Axes
  4354 | D:5      | Reached skill level 3 in Dodging
  4354 | D:5      | Reached XP level 8. HP: 46/46 MP: 12/12
  4540 | D:5      | 4540 ||| Stepping ~*~*~tactically~*~*~ (stealth).
  4560 | D:5      | 4560 ||| DRINKING 2 potions of curing.
  4560 | D:5      | 4560 ||| (to cure confusion)
  4629 | D:5      | 4629 ||| Stepping ~*~*~tactically~*~*~ (stealth).
  4631 | D:5      | 4631 ||| Stepping ~*~*~tactically~*~*~ (stealth).
  4633 | D:5      | 4633 ||| Stepping ~*~*~tactically~*~*~ (stealth).
  4635 | D:5      | 4635 ||| Stepping ~*~*~tactically~*~*~ (stealth).
  4637 | D:5      | 4637 ||| Stepping ~*~*~tactically~*~*~ (stealth).
  4639 | D:5      | 4639 ||| Stepping ~*~*~tactically~*~*~ (hiding).
  4704 | D:5      | 4704 ||| Stepping ~*~*~tactically~*~*~ (hiding).
  4814 | D:5      | Noticed a yak
  4814 | D:5      | Noticed a yak
  4814 | D:5      | Noticed a yak
  4815 | D:5      | 4815 ||| Stepping ~*~*~tactically~*~*~ (stealth).
  4816 | D:5      | Noticed a yak
  4816 | D:5      | Noticed a yak
  4817 | D:5      | 4817 ||| Stepping ~*~*~tactically~*~*~ (stealth).
  4827 | D:5      | HP: 9/48 [yak (6)]
  4828 | D:5      | 4828 ||| DRINKING potion of heal wounds.
  4829 | D:5      | Killed a yak
  4836 | D:5      | Killed a yak
  4837 | D:5      | Reached skill level 10 in Axes
  4837 | D:5      | 4837 ||| FLEEEEING.
  4844 | D:5      | Killed a yak
  4853 | D:5      | Killed a yak
  4854 | D:5      | Reached XP level 9. HP: 30/53 MP: 13/13
  4865 | D:5      | 4865 ||| FLEEEEING.
  4866 | D:5      | 4866 ||| FLEEEEING.
  4867 | D:5      | 4867 ||| FLEEEEING.
  4868 | D:5      | 4868 ||| FLEEEEING.
  4869 | D:5      | 4869 ||| FLEEEEING.
  4870 | D:5      | 4870 ||| FLEEEEING.
  4872 | D:5      | 4872 ||| FLEEEEING.
  4875 | D:5      | 4875 ||| FLEEEEING.
  4876 | D:5      | 4876 ||| FLEEEEING.
  4877 | D:5      | 4877 ||| FLEEEEING.
  4878 | D:5      | 4878 ||| FLEEEEING.
  4881 | D:5      | 4881 ||| FLEEEEING.
  4882 | D:5      | 4882 ||| FLEEEEING.
  4883 | D:5      | 4883 ||| FLEEEEING.
  4884 | D:5      | 4884 ||| FLEEEEING.
  4885 | D:5      | 4885 ||| FLEEEEING.
  4886 | D:5      | 4886 ||| FLEEEEING.
  4888 | D:5      | 4888 ||| FLEEEEING.
  4890 | D:5      | 4890 ||| FLEEEEING.
  4893 | D:5      | 4893 ||| FLEEEEING.
  4894 | D:5      | 4894 ||| FLEEEEING.
  4895 | D:5      | 4895 ||| FLEEEEING.
  4896 | D:5      | 4896 ||| FLEEEEING.
  4897 | D:5      | 4897 ||| FLEEEEING.
  4898 | D:5      | 4898 ||| FLEEEEING.
  4900 | D:5      | 4900 ||| FLEEEEING.
  4901 | D:5      | 4901 ||| FLEEEEING.
  4902 | D:5      | 4902 ||| FLEEEEING.
  4903 | D:5      | 4903 ||| FLEEEEING.
  4904 | D:5      | 4904 ||| STAIRDANCE
  4990 | D:4      | 4990 ||| UPGRADING to +0 pair of gloves.
  4995 | D:4      | 4995 ||| READING scroll labelled OVICWI ONAR.
  4996 | D:4      | 4996 ||| READING 5 scrolls of identify.
  4996 | D:4      | 4996 ||| IDENTIFYING fuming coppery potion
  4997 | D:4      | 4997 ||| READING 4 scrolls of identify.
  4997 | D:4      | 4997 ||| IDENTIFYING yellow potion
  4998 | D:4      | 4998 ||| READING 3 scrolls of identify.
  4998 | D:4      | 4998 ||| IDENTIFYING glowing brown potion
  4999 | D:4      | 4999 ||| READING 2 scrolls of identify.
  4999 | D:4      | 4999 ||| IDENTIFYING lumpy puce potion
  5000 | D:4      | 5000 ||| DROPPING potion of ambrosia.
  5001 | D:4      | 5001 ||| DROPPING potion of degeneration.
  5002 | D:4      | 5002 ||| DROPPING potion of berserk rage.
  5010 | D:5      | 5010 ||| STAIRDANCE
  5222 | D:6      | 5222 ||| Stepping ~*~*~tactically~*~*~ (stealth).
  5318 | D:6      | Noticed Dowan
  5329 | D:6      | Killed Dowan
  5345 | D:6      | Noticed Duvessa
  5346 | D:6      | 5346 ||| FLEEEEING.
  5347 | D:6      | 5347 ||| FLEEEEING.
  5348 | D:6      | 5348 ||| FLEEEEING.
  5349 | D:6      | 5349 ||| FLEEEEING.
  5354 | D:6      | 5354 ||| STAIRDANCE
  5404 | D:5      | 5404 ||| READING 2 scrolls of identify.
  5404 | D:5      | 5404 ||| IDENTIFYING emerald potion
  5405 | D:5      | 5405 ||| DROPPING potion of magic.
  5423 | D:6      | HP: 11/54 [Duvessa/+0 rapier (6)]
  5424 | D:6      | HP: 4/54 [Duvessa/+0 rapier (7)]
  5425 | D:6      | Slain by Duvessa

Levels and vault maps discovered:
D:1:      minmay_arrival_radiant_lines, layout_loops_ring,
          shapermc_ecumenical_altar_acropolis, bh_walls_and_bars
D:2:      layout_rooms, minmay_misc_feat_iff, st_stairs_1
D:3:      layout_loops_ring, lemuel_coloured_pillars_altar,
          evilmike_ruin_ashenzari, gammafunk_temple_overflow_statue,
          uniq_grinder, uniq_natasha
D:4:      layout_basic, serial_undead, serial_undead_e, serial_undead_e,
          serial_undead_e, serial_undead_d, serial_undead_d
D:5:      layout_gridville, roderic_roman_lattice
D:6:      layout_rooms, minmay_temple_entry_ruins,
          amcnicky_mini_corridor_feature, uniq_duvessa, uniq_blork_the_orc

Skill      XL: |  1  2  3  4  5  6  7  8  9 |
---------------+----------------------------+-----
Axes           | 4 5 7 9 10 | 10.7
Fighting       | 3 4 5 |  5.6
Throwing       | 2 |  2.0
Dodging        | 3 4 |  4.3
Armour         | 2 |  2.6
Spellcasting   | |  2.0
Translocations | |  2.4

Action                   |  1- 3 |  4- 6 |  7- 9 || total
-------------------------+-------+-------+-------++-------
Melee: Hand axe          |    56 |    74 |    96 ||   226
       Peck              |     8 |     9 |    52 ||    69
       Kick              |     8 |    19 |    68 ||    95
       Punch             |       |     2 |     4 ||     6
       War axe           |       |       |   137 ||   137
Throw: Boomerang         |     7 |       |       ||     7
       Javelin           |    29 |     9 |    19 ||    57
  Use: Scroll            |     6 |     4 |    10 ||    20
       Potion            |     1 |       |     4 ||     5
Armor: Leather armour    |    10 |       |       ||    10
       Scale mail        |    15 |    34 |    93 ||   142
Dodge: Dodged            |    37 |    36 |   114 ||   187

Table legend:
 A = Non-vault XP
 B = Vault XP
 C = Vault XP percentage of total XP
 D = Non-vault monster count
 E = Vault monster count
 F = Vault count percentage of total count
                 A         B        C        D         E       F
            +---------+---------+-------+---------+---------+-------
      Total |    2255 |     719 |  24.2 |      95 |      15 |  13.6
            +---------+---------+-------+---------+---------+-------
        D:1 |      27 |       0 |   0.0 |      14 |       0 |   0.0
        D:2 |      48 |       4 |   7.7 |      13 |       2 |  13.3
        D:3 |     154 |     313 |  67.0 |      16 |       2 |  11.1
        D:4 |     267 |     327 |  55.1 |      24 |      10 |  29.4
        D:5 |    1478 |       0 |   0.0 |      24 |       0 |   0.0
        D:6 |     281 |      75 |  21.1 |       4 |       1 |  20.0
            +---------+---------+-------+---------+---------+-------
